 Dungeon Crawl Stone Soup version bcrawl-1.40.3b (webtiles) character file.

Game seed: 15839973593480144261

291419 Finalfun the Cleaver (level 10, -4/74 HPs)
             Began as a Demonspawn Archaeologist on Mar 23, 2024.
             Was an Initiate of Gozag.
             Slain by a black mamba (11 damage)
             ... on level 1 of the Lair of Beasts.
             The game lasted 00:14:52 (8045 turns).

Finalfun the Cleaver (Demonspawn Archaeologist)     Turns: 8045, Time: 00:14:53

Health: -4/74      AC: 15    Str: 19    XL:     10   Next: 11%
Magic:  10/10      EV:  8    Int: 15    God:    Gozag
Gold:   1063       SH:  0    Dex: 13    Spells: 9/9 levels left

rFire    . . .     GDR:     25% a - +8 mithril axe "Arga" {speed, MR+}
rCold    . . .     SeeInvis .   (no shield)
rNeg     . . .     Gourm    .   A - +0 chain mail
rPois    .         Faith    .   d - +1 hat
rElec    .         Spirit   .   (no cloak)
rCorr    .         Reflect  .   (no gloves)
MR       +....                  k - +1 pair of boots
Stlth    ..........             (no amulet)
HPRegen  0.22/turn              (no ring)
MPRegen  0.12/turn              (no ring)

@: mighty
A: claws 2, iridescent scales 2, nightstalker 1
a: Potion Petition, Call Merchant, Bribe Branch, Renounce Religion


You were on level 1 of the Lair of Beasts.
You worshipped Gozag.
Gozag was most pleased with you.
You were near starving.

You visited 3 branches of the dungeon, and saw 10 of its levels.

You collected 1138 gold pieces.
You paid 75 gold pieces to Gozag.

Inventory:

Hand Weapons
 a - the +8 mithril axe "Arga" (weapon) {speed, MR+}
   (You acquired it on level 3 of the Dungeon)

   Attacks with this weapon are significantly faster.
   It affects your resistance to hostile enchantments.
 b - a +0 blowgun
Missiles
 f - 6 curare-tipped needles
 l - 239 poisoned needles
 s - 2555 stones (quivered)
 t - 1207 sling bullets
 v - 811 arrows
 B - 47 needles of confusion
Armour
 d - a +1 hat (worn)
 i - a +2 cloak
 k - a +1 pair of boots (worn)
 A - a +0 chain mail (worn)
 D - a +0 pair of gloves
 F - a scarf of clouds
 G - a +2 pair of boots
Jewellery
 j - a +5 ring of strength {unknown}
 o - a +4 ring of protection {unknown}
 S - a +4 ring of dexterity {unknown}
Wands
 C - a wand of digging (18)
 H - a wand of disintegration (1)
 N - a wand of charming (9)
 R - a wand of flame (36)
Scrolls
 c - 2 scrolls of amnesia {unknown}
 g - 3 scrolls of revelation
 m - 2 scrolls of immolation
 n - 2 scrolls of fog
 p - 3 scrolls of fear
 q - 2 scrolls of enchant weapon
 x - 2 scrolls of remove curse {unknown}
 y - 4 scrolls of teleportation
 z - a scroll of blinking {unknown}
 I - 3 scrolls of enchant armour {unknown}
Potions
 h - a potion of haste {unknown}
 r - 2 potions of magic
 w - a potion of mutation
 E - 2 potions of curing
 J - a potion of lignification {unknown}
 K - 2 potions of agility
 P - a potion of berserk rage {unknown}
Comestibles
 e - 6 rations {!d}


   Skills:
 - Level 5.0 Fighting
 + Level 12.1(12.2) Axes
   Level 2.6(8.3) Maces & Flails
 - Level 2.6 Dodging
 - Level 3.0 Stealth


You had 9 spell levels left.
You didn't know any spells.
Your spell library contained the following spells:

 Spells                   Type           Power        Failure   Level  Hunger
 Necrotize                Necr           #.....       98%         1    None
 Beckoning                Tloc           #.........   100%        3    #####..
 Portal Projectile        Tloc           #.....       100%        3    #####..
 Vampiric Draining        Necr           #.........   100%        3    #####..
 Agony                    Necr           #.......     100%        4    ######.
 Animate Dead             Necr           N/A          100%        4    ######.
 Force Lance              Tloc           #.......     100%        4    ######.
 Dispel Undead            Necr           #.......     100%        5    #######
 Aura of Abjuration       Summ           #.........   100%        6    #######
 Dispersal                Tloc           #.........   100%        6    #######
 Controlled Blink         Tloc           #.......     100%        7    #######


Dungeon Overview and Level Annotations

Branches:
Dungeon (8/12)             Temple (1/1) D:4            Lair (1/6) D:8
    Orc: D:8-11

Altars:
Ashenzari
Cheibriados
Dithmenos
Fedhas
Gozag
Hepliaklqana
Kikubaaqudgha
Lugonu
Makhleb
Nemelex Xobeh
Okawaru
Qazlal
Ru
Sif Muna
Trog
Uskayaw
Vehumet
Wu Jian
Xom
Yredelemnul

Shops:
D:4 }

Annotations:
D:3 1 runed door


Innate Abilities, Weirdness & Mutations

You have very sharp fingernails.
You are mostly covered in iridescent scales. (AC +4)
You are slightly more attuned to the shadows.


Message History

The black mamba bites you!
* * * LOW HITPOINT WARNING * * *
You are poisoned.
The black mamba poisons you! The black mamba closely misses you.
You closely miss the black mamba.
The black mamba is almost dead.
* * * LOW HITPOINT WARNING * * *
You feel sick. The black mamba barely misses you.
You miss the black mamba.
The black mamba is almost dead.
You feel sick.
The black mamba bites you but does no damage.
You closely miss the black mamba.
The black mamba is almost dead.
You feel sick. The black mamba barely misses you.
You feel better. The black mamba bites you!
* * * LOW HITPOINT WARNING * * *
The black mamba bites you!
You die...
Your body crumbles into a pile of gold.

##... ...
###)...?...
#####..[..#..#
#..#P.>...(.##
###..#......$..#
#.........S....#
###.........@.##
#####.##...#.......#
...##..#.......P####
..............###
...............#
...............#
...........###P#
..#........# ##
.........#.#


You could see a black mamba.

Vanquished Creatures
  2 komodo dragons
  A rime drake (Lair:1)
  A hippogriff (D:8)
  6 yaks
  A hungry ghost (D:4)
  A crocodile (D:7)
  Duvessa (D:4)
  2 orc warriors (D:6)
  3 sky beasts
  A black bear (D:8)
  2 ogres
  A necrophage (D:5)
  A bullfrog (Lair:1)
  Dowan (D:4)
  3 howler monkeys
  3 vampire bats (D:4)
  3 orc priests
  A bullfrog zombie (D:8)
  3 crimson imps
  5 orc wizards
  2 jellies
  A hound (D:8)
  An iguana (D:7)
  Natasha (thrice) (D:4)
  5 worker ants
  A hound zombie (D:5)
  2 howler monkey zombies
  4 gnolls
  12 adders
  A shadow imp (D:5)
  An ooze (D:4)
  An adder zombie (D:4)
  3 adder skeletons
  3 worms
  2 dart slugs
  4 leopard geckos
  18 orcs
  2 bat skeletons (D:4)
  3 bat zombies (D:4)
  4 giant cockroaches
  5 goblins
  4 hobgoblins
  11 jackals
  5 quokkas
  A ball python (D:2)
  3 bats
  A frilled lizard (D:1)
  13 kobolds
  6 rats
  A fungus (D:3)
  4 plants (D:8)
169 creatures vanquished.

Notes
Turn   | Place    | Note
-------+----------+-------------------------------------------
     0 | D:1      | Finalfun the Demonspawn Archaeologist began the quest for
                  | the Orb.
     0 | D:1      | Reached XP level 1. HP: 15/15 MP: 1/1
   314 | D:1      | Gained mutation: You have sharp fingernails. [demonic
                  | ancestry]
   314 | D:1      | Reached XP level 2. HP: 22/22 MP: 2/2
  1082 | D:2      | Found a hazy altar of Hepliaklqana.
  1234 | D:2      | Reached XP level 3. HP: 26/29 MP: 3/3
  1581 | D:1      | Reached skill level 1 in Maces & Flails
  1724 | D:2      | Gained mutation: You are partially covered in iridescent
                  | scales. (AC +2) [demonic ancestry]
  1724 | D:2      | Reached XP level 4. HP: 19/37 MP: 4/4
  2497 | D:3      | Gained mutation: You are slightly more attuned to the
                  | shadows. [demonic ancestry]
  2497 | D:3      | Reached XP level 5. HP: 22/42 MP: 5/5
  2497 | D:3      | Identified a scroll of acquirement
  2555 | D:3      | Identified the amulet of Propriety {RegenMP rPois rN+} (You
                  | acquired it on level 3 of the Dungeon)
  2556 | D:3      | Found the +8 mithril axe "Arga" {speed, MR+}
  3064 | D:3      | Found a runed door.
  3168 | D:4      | Reached skill level 1 in Axes
  3230 | D:4      | Noticed Natasha
  3237 | D:4      | Killed Natasha
  3250 | D:4      | Reached XP level 6. HP: 49/50 MP: 6/6
  3268 | D:4      | Reached skill level 5 in Fighting
  3277 | D:4      | Noticed Natasha
  3282 | D:4      | Killed Natasha
  3283 | D:4      | Reached skill level 2 in Axes
  3313 | D:4      | Noticed Dowan
  3313 | D:4      | Noticed Duvessa
  3323 | D:4      | Killed Duvessa
  3324 | D:4      | Reached skill level 3 in Axes
  3328 | D:4      | Killed Dowan
  3490 | D:4      | Found Amoesi's Gadget Shop.
  3500 | D:4      | Reached skill level 4 in Axes
  3500 | D:4      | Gained mutation: You have very sharp fingernails. [demonic
                  | ancestry]
  3500 | D:4      | Reached XP level 7. HP: 56/56 MP: 7/7
  3544 | D:4      | Found a sacrificial altar of Ru.
  3621 | D:4      | Found a radiant altar of Vehumet.
  3673 | D:4      | Noticed a hungry ghost
  3679 | D:4      | Killed a hungry ghost
  3695 | D:4      | Found a staircase to the Ecumenical Temple.
  3703 | Temple   | Entered the Ecumenical Temple
  3942 | Temple   | Became a worshipper of Gozag Ym Sagoz the Greedy
  4204 | D:4      | Reached skill level 5 in Axes
  4211 | D:4      | Found an ancient bone altar of Kikubaaqudgha.
  4278 | D:4      | Noticed Natasha
  4284 | D:4      | Killed Natasha
  4522 | D:5      | Entered Level 5 of the Dungeon
  4615 | D:5      | Reached skill level 6 in Axes
  4731 | D:5      | Reached XP level 8. HP: 62/62 MP: 8/8
  4903 | D:5      | Reached skill level 7 in Axes
  4947 | D:5      | Found a shimmering blue altar of Sif Muna.
  5371 | D:5      | Found a radiant altar of Vehumet.
  5372 | D:5      | Found a shimmering altar of Xom.
  5372 | D:5      | Found a hide-covered altar of Uskayaw.
  5375 | D:5      | Found a glowing silver altar of Zin.
  5375 | D:5      | Found a shattered altar of Ashenzari.
  5375 | D:5      | Found a shadowy altar of Dithmenos.
  5603 | D:6      | Reached skill level 8 in Axes
  5790 | D:6      | Found a corrupted altar of Lugonu.
  6264 | D:7      | Reached skill level 9 in Axes
  6419 | D:7      | Got a thick robe
  6660 | D:7      | Gained mutation: You are mostly covered in iridescent
                  | scales. (AC +4) [demonic ancestry]
  6660 | D:7      | Reached XP level 9. HP: 56/68 MP: 9/9
  6806 | D:7      | Identified the +2 robe of Fofruniu {+Blink rPois MR- Str+4}
                  | (You found it on level 7 of the Dungeon)
  6919 | D:8      | Found a bloodstained altar of Trog.
  6965 | D:8      | Found a burning altar of Makhleb.
  6975 | D:8      | Reached skill level 10 in Axes
  7387 | D:8      | Noticed a komodo dragon
  7388 | D:8      | Found a staircase to the Lair.
  7407 | D:8      | Killed a komodo dragon
  7451 | Lair:1   | Entered Level 1 of the Lair of Beasts
  7463 | Lair:1   | Reached skill level 11 in Axes
  7546 | Lair:1   | Noticed a komodo dragon
  7557 | Lair:1   | Killed a komodo dragon
  7659 | Lair:1   | Noticed a rime drake
  7666 | Lair:1   | Killed a rime drake
  7865 | D:8      | Reached XP level 10. HP: 37/74 MP: 10/10
  7870 | D:8      | Reached skill level 12 in Axes
  8026 | Lair:1   | Noticed a black mamba
  8045 | Lair:1   | Slain by a black mamba

Skill      XL: |  1  2  3  4  5  6  7  8  9 10 |
---------------+-------------------------------+-----
Fighting       | 2 3 4 5 |  5.0
Maces & Flails | 1 2 |  2.6
Axes           | 1 4 6 9 11 12 | 12.1
Dodging        | |  2.6
Stealth        | |  3.0

Action                   |  1- 3 |  4- 6 |  7- 9 | 10-12 || total
-------------------------+-------+-------+-------+-------++-------
Melee: Whip              |   139 |       |       |       ||   139
       Flail             |    27 |    65 |       |       ||    92
       Broad axe         |       |    50 |   255 |    28 ||   333
Throw: Throwing net      |       |       |       |     1 ||     1
  Use: Scroll            |     4 |     2 |     8 |       ||    14
       Potion            |       |     1 |     1 |     3 ||     5
 Stab: Sleeping          |     9 |     5 |       |       ||    14
       Distracted        |     1 |       |       |       ||     1
       Invisible         |       |     2 |       |       ||     2
  Eat: Chunk             |     7 |    10 |     3 |       ||    20
       Ration            |       |       |     4 |       ||     4
Armor: Robe              |    50 |    24 |       |       ||    74
       Chain mail        |       |    16 |   125 |     7 ||   148
Dodge: Dodged            |   103 |    54 |    48 |    11 ||   216
